 Dungeon Crawl Stone Soup version 0.29.1-15-g9cfb28693d (webtiles) character file.

Game seed: 5915642586898881204

401 Eitelfritz the Ruffian (level 6, -3/61 HPs)
             Began as a Troll Fighter on Mar 25, 2023.
             Slain by a gnoll bouda
             ... wielding a +0 whip
              (11 damage)
             ... on level 3 of the Dungeon.
             The game lasted 00:03:22 (1782 turns).

Eitelfritz the Ruffian (Troll Fighter)              Turns: 1782, Time: 00:03:22

Health: -3/61      AC:  4    Str: 25    XL:     6   Next: 54%
Magic:  5/5        EV:  9    Int:  6    God:
Gold:   220        SH:  7    Dex:  9    Spells: 5/5 levels left

rFire   . . .      SeeInvis .     - Unarmed
rCold   . . .      Faith    .   b - +0 kite shield
rNeg    . . .      Spirit   .   a - +0 robe
rPois   +          Reflect  .   (helmet restricted)
rElec   .          Harm     .   (no cloak)
rCorr   .          Rampage  .   (gloves unavailable)
Will    .....                   (boots unavailable)
Stlth   +.........              d - amulet of the acrobat
HPRegen 1.00/turn               n - ring of poison resistance
MPRegen 0.09/turn               (no ring)

@: no status effects
A: large, unfitting armour, claws 3, regeneration 1, shaggy fur 1, tough skin 1
a: no special abilities


You were on level 3 of the Dungeon.
You visited 1 branch of the dungeon, and saw 3 of its levels.

You collected 220 gold pieces.

Inventory:

Armour
 a - a +0 robe (worn)
 b - a +0 kite shield (worn)
Jewellery
 d - an amulet of the acrobat (around neck)
 i - a ring of protection from fire
 l - an amulet of reflection
 n - a ring of poison resistance (left claw)
Scrolls
 f - 2 scrolls of identify {unknown}
 g - a scroll of vulnerability {unknown}
 j - a scroll of torment {unknown}
 k - a scroll of poison {unknown}
 q - a scroll of immolation {unknown}
 r - a scroll of summoning {unknown}
Potions
 c - a potion of lignification {unknown}
 e - a potion of cancellation {unknown}
 h - 3 potions of curing {unknown}
 m - a potion of mutation {unknown}
 o - a potion of haste {unknown}
 p - a potion of heal wounds {unknown}


   Skills:
 + Level 3.0 Fighting
 + Level 3.4 Dodging
 + Level 0.4 Stealth
 + Level 4.0 Shields
 + Level 4.7 Unarmed Combat


You had 5 spell levels left.
You didn't know any spells.
Your spell library contained the following spells:

 Spells                   Type           Power      Damage    Failure   Level
 Frozen Ramparts          Ice            0%         1d1       98%         3
 Ice Form                 Ice/Tmut       0%         N/A       100%        4
 Summon Ice Beast         Ice/Summ       0%         N/A       100%        4


Dungeon Overview and Level Annotations

Branches:
Dungeon (3/15)

Altars:


Innate Abilities, Weirdness & Mutations

You are too large for most types of armour.
You have claws for hands.
Your natural rate of healing is unusually fast.
You are covered in fur. (AC +1)
You have tough skin. (AC +1)


Message History

You barely miss the gnoll. The gnoll barely misses you. x2
The gnoll closely misses you.
Unknown command.
You claw the gnoll!
The gnoll is severely wounded.
The gnoll hits you with a +0 club.
The gnoll bouda gazes fiercely through you!
You feel your attacks grow feeble. The gnoll hits you with a +0 whip.
You claw the gnoll!
You kill the gnoll!
The gnoll hits you with a +0 whip.
You barely miss the gnoll. The gnoll hits you with a +0 club!
The gnoll bouda closely misses you. The gnoll hits you but does no damage.
You block the gnoll's attack.
You closely miss the gnoll. You block the gnoll's attack.
The gnoll bouda hits you with a +0 whip!
The gnoll hits you with a +0 club. You block the gnoll's attack.
You closely miss the gnoll.
Your attacks no longer feel as feeble.
The gnoll hits you with a +0 club. You block the gnoll bouda's attack.
The gnoll hits you but does no damage. You block the gnoll's attack.
You claw the gnoll!
You kill the gnoll!
The gnoll completely misses you.
The gnoll bouda hits you with a +0 whip!
* * * LOW HITPOINT WARNING * * *
The gnoll hits you with a +0 whip.
* * * LOW HITPOINT WARNING * * *
You claw the gnoll!
You kill the gnoll!
The gnoll bouda hits you with a +0 whip.
* * * LOW HITPOINT WARNING * * *
The gnoll hits you with a +0 club.
* * * LOW HITPOINT WARNING * * *
Unknown command.
You scratch the gnoll.
The gnoll is lightly wounded.
The gnoll bouda hits you with a +0 whip!
You die...

#...#..# #.. #...# #.. #...#
#.. #...#[ #.. #...#.. #.. ###
#...#..#+#########+# #..
..###...#............... #..
#...#...#......g)g...... #..
###.....#.......@)...... #..
###...######'################..
#............................ .
#............................
..
#............................
###
##.################........##
#......##### #......).#
#..........# ##........#
##.........# ###.........#


You could see a gnoll bouda and a gnoll (swift).

Vanquished Creatures
  Sigmund (D:2)
  An orc wizard (D:3)
  Robin (D:2)
  5 gnolls
  9 adders
  A worm (D:3)
  3 dart slugs
  2 orcs (D:3)
  5 endoplasms
  3 giant cockroaches
  5 hobgoblins
  5 jackals
  6 kobolds
  A quokka (D:1)
  2 ball pythons (D:1)
  2 bats (D:1)
  4 frilled lizards
  11 goblins
  5 rats
72 creatures vanquished.

Notes
Turn   | Place    | Note
-------+----------+-------------------------------------------
     0 | D:1      | Eitelfritz the Troll Fighter began the quest for the Orb.
     0 | D:1      | Reached XP level 1. HP: 22/22 MP: 0/0
    90 | D:1      | Reached XP level 2. HP: 29/29 MP: 1/1
   253 | D:1      | Found a faded altar of an unknown god.
   298 | D:1      | Reached XP level 3. HP: 36/36 MP: 2/2
   883 | D:2      | Reached XP level 4. HP: 40/44 MP: 3/3
   896 | D:2      | Noticed Sigmund
   906 | D:2      | Killed Sigmund
   907 | D:2      | Reached XP level 5. HP: 28/52 MP: 4/4
  1002 | D:2      | Noticed Robin
  1033 | D:2      | Killed Robin
  1095 | D:2      | Reached XP level 6. HP: 61/61 MP: 5/5
  1782 | D:3      | Slain by a gnoll bouda

Illustrated notes

Levels and vault maps discovered:
D:1:      amcnicky_arrival_flooded_fountain, layout_loops_ring,
          ebering_ecumenical_altar_hall
D:2:      layout_loops_ring, uniq_robin, uniq_sigmund
D:3:      layout_basic, kennysheep_path_1

Skill      XL: |  1  2  3  4  5  6 |
---------------+-------------------+-----
Shields        | 3 4 |  4.0
Dodging        | 3 |  3.4
Unarmed Combat | 4 |  4.7
Fighting       | 3 |  3.0
Stealth        | |  0.4

Action                   |  1- 3 |  4- 6 || total
-------------------------+-------+-------++-------
Melee: Unarmed           |   109 |   110 ||   219
  Use: Potion            |       |     1 ||     1
 Stab: Sleeping          |       |     1 ||     1
Armor: Robe              |    30 |    30 ||    60
Dodge: Dodged            |    41 |    54 ||    95
Block: Kite shield       |    44 |    37 ||    81
